 Dungeon Crawl Stone Soup version 0.22.1-2-g9c5b331 (webtiles) character file.

5797 Fang the Cleaver (level 10, -6/97 HPs)
             Began as a Gargoyle Berserker on Dec 5, 2018.
             Was a High Priest of Trog.
             Mangled by a two-headed ogre
             ... wielding a +0 giant club
              (15 damage)
             ... on level 9 of the Dungeon.
             The game lasted 00:13:17 (8407 turns).

Fang the Cleaver (Gargoyle Berserker)               Turns: 8407, Time: 00:13:18

Health: -6/97      AC: 14    Str: 29    XL:     10   Next: 79%
Magic:  10/10      EV:  9    Int:  8    God:    Trog [*****.]
Gold:   378        SH:  0    Dex:  9    Spells: 9/9 levels left

rFire    x . .     SeeInvis .   o - +0 war axe
rCold    . . .     Gourm    .   (no shield)
rNeg     + . .     Faith    .   w - +3 leather armour of Terror {rPois rF- Slay+2}
rPois    ∞         Spirit   .   (no helmet)
rElec    +         Reflect  .   (no cloak)
rCorr    .         Harm     .   (no gloves)
MR       .....                  (no boots)
Stlth    ..........             n - amulet of rage
HPRegen  0.26/turn              t - -3 ring of evasion (curse)
MPRegen  0.12/turn              (no ring)

@: berserking, very quick
A: negative energy resistance 1, electricity resistance, unbreathing,
petrification resistance, rot immunity, AC +7
a: Berserk, Trog's Hand, Brothers in Arms, Renounce Religion, Evoke Berserk Rage


You were on level 9 of the Dungeon.
You worshipped Trog.
Trog was extremely pleased with you.
You were near starving.

You visited 2 branches of the dungeon, and saw 10 of its levels.

You collected 378 gold pieces.

Inventory:

Hand Weapons
 o - a +0 war axe (weapon)
Armour
 k - a +2 plate armour
 w - the +3 leather armour of Terror (worn) {rPois rF- Slay+2}
   (You found it on level 8 of the Dungeon)

   It affects your accuracy and damage with ranged weapons and melee attacks
   (+2).
   It makes you vulnerable to fire.
   It protects you from poison.
Jewellery
 n - an amulet of rage (around neck)
 t - a cursed -3 ring of evasion (left hand)
Wands
 a - a wand of paralysis (13)
 m - a wand of random effects (22)
 q - a wand of acid (9)
 v - a wand of iceblast (11)
Scrolls
 e - a scroll of blinking
 f - a scroll of remove curse
 j - 4 scrolls of teleportation
 l - a scroll of magic mapping
 r - a scroll of fear
Potions
 b - 2 potions of berserk rage {unknown}
 d - a potion of invisibility {unknown}
 g - 4 potions of curing
 h - 3 potions of might
 i - 2 potions of lignification
 p - 2 potions of ambrosia
 s - a potion of magic
Miscellaneous
 u - a phial of floods
Comestibles
 c - 17 rations


   Skills:
 + Level 8.5 Fighting
 + Level 11.1 Axes
 + Level 8.0 Armour
 + Level 2.6 Dodging
 + Level 1.6 Stealth


You had 9 spell levels left.
You didn't know any spells.
Your spell library was empty.

Dungeon Overview and Level Annotations

Branches:
Dungeon (9/15)             Temple (1/1) D:7
   Lair: D:8-11         Orc: D:9-12

Altars:
Cheibriados
Fedhas
Hepliaklqana
Kikubaaqudgha
Nemelex Xobeh
Okawaru
Qazlal
Ru
Sif Muna
Trog
Vehumet
Wu Jian
Xom
Yredelemnul
Zin

Shops:
D:7 [

Annotations:
D:8 1 runed door, anacleto's ghost, novice MiBe


Innate Abilities, Weirdness & Mutations

You are resistant to torment.
Your stone body is resilient. (AC +7)
You are immune to poison.
You resist negative energy. (rN+)
You are resistant to electric shocks. (rElec)
You can survive without breathing.
You are immune to petrification.
You are immune to rotting.


Message History

You are too injured to fight recklessly!
You are too injured to fight recklessly!
You are too injured to fight recklessly!
A red film seems to cover your vision as you go berserk!
You feel yourself moving faster!
You feel mighty!
You are near starving!
The two-headed ogre hits you with a giant club!
* * * LOW HITPOINT WARNING * * *
The two-headed ogre hits you with a giant club!!
* * * LOW HITPOINT WARNING * * *
You slash the two-headed ogre!
The two-headed ogre is heavily wounded.
Unknown command.
You barely miss the two-headed ogre.
The two-headed ogre is heavily wounded.
Unknown command.
You completely miss the two-headed ogre.
The two-headed ogre is heavily wounded.
The two-headed ogre hits you with a giant club!
You die...

### ..# #.# #.#
#.#
#######.####.##
#......@O......
#.#####.#####.#
###.........
#.........###
#.###########
#...........#
###########.#


You could see a two-headed ogre.

Vanquished Creatures
  A two-headed ogre (D:8)
  An ugly thing (D:7)
  Prince Ribbit (D:7)
  Grinder (D:5)
  2 hippogriffs
  A spriggan (D:7)
  The ghost of ramoff the Shield-Bearer, an amateur HuFi (D:4)
  Eustachio (D:5)
  2 ice beasts
  4 phantoms
  A sky beast (D:7)
  3 ogres
  A necrophage (D:6)
  4 centaurs
  A big kobold (D:7)
  7 bullfrogs
  Blork the orc (D:6)
  A wyvern skeleton (D:7)
  3 scorpions
  5 killer bees (D:8)
  5 wights (D:6)
  A bullfrog zombie (D:5)
  A quasit (D:5)
  2 crimson imps (D:7)
  5 jellies
  3 orc priests (D:5)
  5 hounds
  Ijyb (D:4)
  2 iguanas
  5 worker ants
  A centaur skeleton (D:4)
  An orc wizard (D:5)
  A hound zombie (D:5)
  A worker ant zombie (D:5)
  3 gnolls (D:4)
  7 adders
  2 shadow imps (D:7)
  2 oozes
  2 adder zombies (D:7)
  4 worms
  3 dart slugs
  3 leopard geckos
  11 orcs
  7 bats
  5 giant cockroaches
  10 goblins
  9 hobgoblins
  12 jackals
  13 kobolds
  4 quokkas
  A frilled lizard (D:5)
  13 rats
187 creatures vanquished.

Vanquished Creatures (collateral kills)
  A troll (D:7)
1 creature vanquished.

Grand Total: 188 creatures vanquished

Notes
Turn   | Place    | Note
-------+----------+-------------------------------------------
     0 | D:1      | Fang the Gargoyle Berserker began the quest for the Orb.
     0 | D:1      | Reached XP level 1. HP: 14/14 MP: 1/1
   113 | D:1      | Reached XP level 2. HP: 17/19 MP: 2/2
   352 | D:1      | Reached skill level 3 in Axes
   929 | D:2      | Reached XP level 3. HP: 24/24 MP: 3/3
   943 | D:2      | Reached ** piety under Trog
  1364 | D:2      | Found a sparkling altar of Nemelex Xobeh.
  1615 | D:2      | HP: 1/24 [jackal (2)]
  1924 | D:2      | Found a snail-covered altar of Cheibriados.
  1930 | D:2      | Reached XP level 4. HP: 29/29 MP: 4/4
  2027 | D:3      | Found an iron altar of Okawaru.
  2173 | D:3      | Found a bloodstained altar of Trog.
  2246 | D:3      | Found a deep blue altar of Sif Muna.
  2721 | D:3      | Found a sacrificial altar of Ru.
  2764 | D:3      | Reached XP level 5. HP: 26/33 MP: 5/5
  3080 | D:4      | Noticed an ogre
  3093 | D:4      | Killed an ogre
  3093 | D:4      | Reached skill level 4 in Axes
  3098 | D:4      | Reached *** piety under Trog
  3098 | D:4      | Reached XP level 6. HP: 39/39 MP: 6/6
  3240 | D:4      | Reached skill level 5 in Fighting
  3269 | D:4      | Noticed Ijyb
  3279 | D:4      | Killed Ijyb
  3481 | D:4      | Found a runed gate.
  3481 | D:4      | Found a runed gate.
  3482 | D:4      | Found a runed gate.
  3515 | D:4      | Noticed ramoff's ghost (amateur HuFi)
  3696 | D:5      | Entered Level 5 of the Dungeon
  3764 | D:4      | Killed ramoff's ghost
  3764 | D:4      | Reached skill level 5 in Axes
  3764 | D:4      | Reached skill level 1 in Stealth
  3764 | D:4      | Reached XP level 7. HP: 20/44 MP: 7/7
  4360 | D:5      | Noticed Eustachio
  4439 | D:5      | Killed Eustachio
  4439 | D:5      | Reached skill level 6 in Axes
  4744 | D:5      | Noticed Grinder
  4755 | D:5      | Killed Grinder
  4755 | D:5      | Reached XP level 8. HP: 51/51 MP: 8/8
  4783 | D:5      | Reached **** piety under Trog
  4814 | D:5      | Found a blossoming altar of Fedhas.
  5014 | D:5      | Reached skill level 7 in Axes
  5014 | D:5      | Reached skill level 5 in Armour
  5181 | D:5      | Found a glowing silver altar of Zin.
  5567 | D:6      | Noticed Blork the orc
  5589 | D:6      | Killed Blork the orc
  5614 | D:6      | Found a blossoming altar of Fedhas.
  5716 | D:6      | Found a basalt altar of Yredelemnul.
  5733 | D:6      | Reached XP level 9. HP: 52/56 MP: 9/9
  5811 | D:6      | Reached skill level 8 in Axes
  6087 | D:6      | Found an ancient bone altar of Kikubaaqudgha.
  6217 | D:6      | Found an iron altar of Okawaru.
  6217 | D:6      | Found a radiant altar of Vehumet.
  6563 | D:7      | Found Ajaet's Antique Armour Shoppe.
  6791 | D:7      | Reached skill level 9 in Axes
  6875 | D:7      | Noticed a red ugly thing
  6875 | D:7      | Noticed a troll
  6890 | D:7      | Killed a red ugly thing
  6900 | D:7      | Killed a troll
  7073 | D:7      | Reached skill level 10 in Axes
  7073 | D:7      | Reached XP level 10. HP: 49/63 MP: 10/10
  7415 | D:7      | Received a gift from Trog
  7427 | D:7      | Found a staircase to the Ecumenical Temple.
  7549 | D:7      | Noticed Prince Ribbit
  7554 | D:7      | Killed Prince Ribbit
  7671 | D:7      | Found a stormy altar of Qazlal.
  7866 | Temple   | Entered the Ecumenical Temple
  8016 | D:8      | Noticed a two-headed ogre
  8024 | D:8      | Killed a two-headed ogre
  8024 | D:8      | Reached skill level 11 in Axes
  8093 | D:8      | Reached ***** piety under Trog
  8107 | D:8      | Found a runed door.
  8109 | D:8      | Noticed anacleto's ghost (novice MiBe)
  8231 | D:8      | Got a crude leather armour
  8242 | D:8      | Identified the +3 leather armour of Terror {rPois rF-
                  | Slay+2} (You found it on level 8 of the Dungeon)
  8345 | D:8      | Found a hazy altar of Hepliaklqana.
  8397 | D:9      | Noticed a two-headed ogre
  8407 | D:9      | Mangled by a two-headed ogre

Skill      XL: |  1  2  3  4  5  6  7  8  9 10 |
---------------+-------------------------------+-----
Axes           | 3 4 5 6 7 10 11 | 11.1
Fighting       | 4 5 6 7 8 |  8.5
Dodging        | 2 |  2.6
Armour         | 3 4 6 7 8 |  8.0
Stealth        | 1 |  1.6

Action                   |  1- 3 |  4- 6 |  7- 9 | 10-12 || total
-------------------------+-------+-------+-------+-------++-------
Melee: Hand axe          |    97 |    87 |       |       ||   184
       War axe           |       |    80 |   386 |   182 ||   648
Invok: Berserk           |       |     3 |     7 |     4 ||    14
       Brothers in Arms  |       |       |     1 |       ||     1
  Use: Scroll            |       |     4 |    10 |     2 ||    16
 Stab: Sleeping          |     1 |       |       |       ||     1
  Eat: Chunk             |     2 |     8 |    13 |     7 ||    30
       Ration            |       |       |     2 |       ||     2
Armor: Animal skin       |    38 |    11 |       |       ||    49
       Plate armour      |       |   128 |   461 |   158 ||   747
       Leather armour    |       |       |       |    10 ||    10
Dodge: Dodged            |    88 |    73 |   168 |    50 ||   379
